 Dungeon Crawl Stone Soup version 0.26-a0-812-g31a745ddcd (webtiles) character file.

Game seed: 3106271435997088799

13 Borgoz the Ruffian (level 2, -2/26 HPs)
             Began as a Ghoul Monk on Dec 6, 2020.
             Slain by a kobold
             ... wielding a +0 short sword
              (3 damage)
             ... on level 1 of the Dungeon.
             The game lasted 00:00:20 (114 turns).

Borgoz the Ruffian (Ghoul Monk)                      Turns: 114, Time: 00:00:21

Health: -2/26      AC:  2    Str: 14    XL:     2   Next: 37%
Magic:  1/1        EV: 13    Int:  5    God:
Gold:   13         SH:  0    Dex: 11    Spells: 1/1 levels left

rFire    . . .     SeeInvis .     - Unarmed
rCold    + . .     Faith    .   (no shield)
rNeg     + + +     Spirit   .   a - +0 robe
rPois    ∞         Reflect  .   (no helmet)
rElec    .         Harm     .   (no cloak)
rCorr    .         Rampage  .   (no gloves)
MR       .....                  (no boots)
Stlth    ++........             (no amulet)
HPRegen  0.00/turn              (no ring)
MPRegen  0.07/turn              (no ring)

@: no status effects
A: rotting body, claws 1, cold resistance 1, negative energy resistance 3,
inhibited regeneration, torment resistance, unbreathing
a: no special abilities


You were on level 1 of the Dungeon.
You visited 1 branch of the dungeon, and saw 1 of its levels.

You collected 13 gold pieces.

Inventory:

Armour
 a - a +0 robe (worn)


   Skills:
 + Level 3.4 Fighting
 * Level 0.8 Armour
 * Level 2.9 Dodging
 - Level 2.1 Stealth
 + Level 3.4 Unarmed Combat


You had one spell level left.
You didn't know any spells.
Your spell library was empty.

Dungeon Overview and Level Annotations

Branches:
Dungeon (1/15)

Altars:


Innate Abilities, Weirdness & Mutations

Your body is rotting away.
You thrive by killing the living.
You are immune to poison.
You have sharp fingernails.
Your flesh is cold resistant. (rC+)
You are immune to negative energy. (rN+++)
You do not regenerate when monsters are visible.
You are immune to unholy pain and torment.
You can survive without breathing.


Message History

The giant cockroach closely misses you.
You barely miss the giant cockroach. The giant cockroach closely misses you.
The kobold throws a stone.
The stone barely misses you.
You scratch the giant cockroach.
The giant cockroach is moderately wounded.
The giant cockroach bites you.
* * * LOW HITPOINT WARNING * * *
The giant cockroach bites you but does no damage.
You closely miss the giant cockroach.
The giant cockroach is moderately wounded.
The kobold hits you with a +0 short sword.
* * * LOW HITPOINT WARNING * * *
A goblin comes into view.
The giant cockroach bites you.
* * * LOW HITPOINT WARNING * * *
You closely miss the kobold. The kobold hits you but does no damage.
The giant cockroach closely misses you.
You barely miss the kobold.
The kobold hits you with a +0 short sword.
You die...

.# .. .. ..###... #
......#.# ..##.#.# ####
. # ###..#.... ...
#...#.#†.....#..# #..
.^...lK@$.(#.##.####.###
#.##..B.#...............
#.!#..##..##......†..
#..##......###.#.....
... ####.....#.#.....
g##. #.#...#....... . #
#.###......#.. #.#
#.##.#...# #.#
##.#####.#


You could see a giant cockroach, a goblin (wandering), a kobold and a frilled
lizard.

Vanquished Creatures
  A dart slug (D:1)
  A leopard gecko (D:1)
  3 goblins (D:1)
  2 hobgoblins (D:1)
  A ball python (D:1)
  A rat (D:1)
9 creatures vanquished.

Notes
Turn   | Place    | Note
-------+----------+-------------------------------------------
     0 | D:1      | Borgoz the Ghoul Monk began the quest for the Orb.
     0 | D:1      | Reached XP level 1. HP: 19/19 MP: 0/0
    99 | D:1      | Reached XP level 2. HP: 11/26 MP: 1/1
   112 | D:1      | HP: 1/26 [giant cockroach (2)]
   114 | D:1      | Slain by a kobold

Illustrated notes

Levels and vault maps discovered:
D:1:      dpeg_arrival_simpleton_a, layout_rooms

Action                   || total
-------------------------++-------
Melee: Unarmed           ||    27
Armor: Robe              ||     5
Dodge: Dodged            ||    27

Table legend: (Time is in decaauts)
 A = Elapsed time spent in this place.
 B = Non-inter-level travel time spent in this place.
 C = Inter-level travel time spent in this place.
 D = Time resting spent in this place.
 E = Time spent auto-exploring this place.
 F = Levels seen in this place.
 G = Mean time per level.
                   A        B        C        D        E       F      G
               +--------+--------+--------+--------+--------+-----+--------+
         Total |    112 |    112 |      0 |      0 |     76 |   1 |  112.0 |
       Dungeon |    112 |    112 |      0 |      0 |     76 |   1 |  112.0 |
               +--------+--------+--------+--------+--------+-----+--------+

Top non-repeatable levels by time:
     D:1: 112 daAuts
